 Dungeon Crawl Stone Soup version 0.21.0-34-g9234887 (webtiles) character file.

203 garbagetei the Firebug (level 5, -3/28 HPs)
             Began as a Tengu Fire Elementalist on Jan 29, 2018.
             Slain by a scorpion (10 damage)
             ... on level 4 of the Dungeon.
             The game lasted 00:12:54 (4984 turns).

garbagetei the Firebug (Tengu Fire Elementalist)    Turns: 4984, Time: 00:12:54

Health: -3/28      AC:  3    Str:  8    XL:     5   Next: 81%
Magic:  7/11       EV: 18    Int: 16    God:
Gold:   126        SH:  0    Dex: 20    Spells: 7/10 levels left

rFire    + . .     SeeInvis .   f - -3 hunting sling (curse)
rCold    x . .     Gourm    .   (no shield)
rNeg     . . .     Faith    .   j - +0 robe
rPois    .         Spirit   .   (helmet restricted)
rElec    .         Reflect  .   d - +0 cloak
rCorr    .         Harm     .   (no gloves)
MR       .....                  (boots unavailable)
Stlth    +++.......             (no amulet)
HPRegen  0.09/turn              l - ring of fire
MPRegen  0.12/turn              (no ring)

@: agile, lethally poisoned (-3 -> -12)
A: beak, talons 3, able to fly 1
a: Fly


You were on level 4 of the Dungeon.
You were not hungry.

You visited 1 branch of the dungeon, and saw 4 of its levels.

You collected 126 gold pieces.

Inventory:

Hand Weapons
 f - a cursed -3 hunting sling (weapon)
 k - a +0 short sword
Armour
 a - a +0 robe
 d - a +0 cloak (worn)
 j - a +0 robe (worn)
Jewellery
 l - a ring of fire (left hand)
 m - a cursed -6 ring of protection {unknown}
 n - an uncursed amulet of faith {unknown}
Scrolls
 e - 3 scrolls of teleportation
 g - 2 scrolls of remove curse {unknown}
 o - 2 scrolls of enchant armour {unknown}
 q - a scroll of vulnerability {unknown}
Potions
 i - a potion of flight {unknown}
Books
 b - a book of Flames

   Spells                             Type                      Level
   a - Flame Tongue                   Conjuration/Fire             1
   b - Throw Flame                    Conjuration/Fire             2
   c - Conjure Flame                  Conjuration/Fire             3
   d - Inner Flame                    Hexes/Fire                   3
   e - Sticky Flame                   Conjuration/Fire             4
   f - Fireball                       Conjuration/Fire             5
Comestibles
 c - 7 rations
 p - a chunk of flesh


   Skills:
 + Level 0.5 Fighting
 + Level 2.7 Dodging
 + Level 2.1 Stealth
 + Level 3.4 Spellcasting
 + Level 3.7 Conjurations
 + Level 4.6 Fire Magic


You had 7 spell levels left.
You knew the following spells:

 Your Spells              Type           Power        Failure   Level  Hunger
a - Flame Tongue          Conj/Fire      ###..        3%          1    None
b - Throw Flame           Conj/Fire      ###...       4%          2    ##.....


Dungeon Overview and Level Annotations

Branches:
Dungeon (4/15)
 Temple: D:4-7

Altars:

Annotations:
D:4 Robin, Sigmund


Innate Abilities, Weirdness & Mutations

You have a beak for a mouth.
You have claws for feet.
You can fly.


Message History

You are lethally poisoned!
The scorpion poisons you!
Casting: Flame Tongue
Confirm with . or Enter, or press ? or * to list all spells.
Aiming: Flame Tongue
Press: ? - help, Shift-Dir - straight line, f/p - scorpion
Aim: a scorpion You feel a surge of power!
The flame tongue hits the scorpion.
The scorpion appears unharmed.
You feel sick. The scorpion closely misses you.
You feel sick.
* * * LOW HITPOINT WARNING * * *
You feel sick.
* * * LOW HITPOINT WARNING * * *
You feel sick.
There is a stone staircase leading up here.
It was a potion of agility.
You feel agile all of a sudden.
* * * LOW HITPOINT WARNING * * *
You feel sick. The scorpion stings you!
You die...

##############
#......)...... ##
##..)†@####.. ..
#####s#
#..###+####..
#.####.#8...#..8#
#.g).#.#÷..#....#
####.#.#....#...#
#.(†'.#.#(#.##
##..##.#.#.#.+
#...#...#....#
###.#....#...#


You could see a scorpion and a goblin.

Vanquished Creatures
  2 orc wizards (D:3)
  4 adders
  2 oozes
  4 worms (D:2)
  5 leopard geckos
  9 orcs
  3 bats
  6 giant cockroaches
  6 goblins
  7 hobgoblins
  9 jackals
  11 kobolds
  A quokka (D:3)
  4 frilled lizards
  3 rats
76 creatures vanquished.

Notes
Turn   | Place    | Note
-------+----------+-------------------------------------------
     0 | D:1      | garbagetei the Tengu Fire Elementalist began the quest for the Orb.
     0 | D:1      | Reached XP level 1. HP: 10/10 MP: 4/4
   280 | D:1      | Reached XP level 2. HP: 15/15 MP: 3/6
  1452 | D:2      | Reached XP level 3. HP: 19/19 MP: 1/7
  2174 | D:2      | Learned a level 2 spell: Throw Flame
  3438 | D:3      | Reached XP level 4. HP: 24/24 MP: 6/8
  3514 | D:2      | Reached skill level 4 in Fire Magic
  4211 | D:3      | Gained mutation: You can fly. [Tengu growth]
  4211 | D:3      | Reached XP level 5. HP: 13/28 MP: 6/10
  4803 | D:4      | Noticed Sigmund
  4889 | D:4      | Noticed Robin
  4984 | D:4      | Slain by a scorpion

Skill      XL: |  1  2  3  4 |
---------------+-------------+-----
Conjurations   | 2 3 |  3.7
Fire Magic     | 4 |  4.6
Spellcasting   | 3 |  3.4
Fighting       | |  0.5
Dodging        | |  2.7
Stealth        | |  2.1

Action                   |  1- 3 |  4- 6 || total
-------------------------+-------+-------++-------
 Cast: Flame Tongue      |    83 |    80 ||   163
       Throw Flame       |     7 |     5 ||    12
  Use: Scroll            |     3 |     1 ||     4
       Potion            |       |     1 ||     1
  Eat: Chunk             |     9 |     5 ||    14
Armor: Robe              |    12 |     7 ||    19
Dodge: Dodged            |    40 |    35 ||    75
